 Seeded DCSS version 0.27-a0-1312-g5cdb2b3542 (webtiles) character file.

Game seed: 14170726513584504176 (custom seed)

42 flotson the Sneak (level 3, 0/29 HPs)
             Began as a Demonspawn Delver on June 20, 2021.
             Succumbed to a kobold brigand's poison
             ... in a sewer.
             The game lasted 00:02:39 (651 turns).

flotson the Sneak (Demonspawn Delver)                Turns: 651, Time: 00:02:39

Health: 0/29       AC:  5    Str: 13    XL:     3   Next: 33%
Magic:  3/3        EV: 12    Int: 11    God:
Gold:   0          SH:  0    Dex: 14    Spells: 2/2 levels left

rFire    . . .     SeeInvis .   a - +0 hand axe
rCold    . . .     Faith    .   (no shield)
rNeg     . . .     Spirit   .   b - +0 leather armour
rPois    .         Reflect  .   h - +1 helmet
rElec    .         Harm     .   (no cloak)
rCorr    .         Rampage  .   (no gloves)
Will     .....                  (no boots)
Stlth    ++........             (no amulet)
HPRegen  0.09/turn              (no ring)
MPRegen  0.08/turn              (no ring)

@: lethally poisoned (0 -> -1)
A: demonic guardian 1, demonic magic 1
a: no special abilities


You were in a sewer.
You visited 1 branch of the dungeon, and saw 1 of its levels.
You also visited: Sewer.

Inventory:

Hand Weapons
 a - a +0 hand axe (weapon)
Armour
 b - a +0 leather armour (worn)
 h - a +1 helmet (worn)
Wands
 g - a wand of digging (3)
Scrolls
 d - a scroll of magic mapping


   Skills:
 + Level 3.3 Fighting
 + Level 2.2 Axes
 + Level 1.2 Armour
 + Level 2.3 Dodging
 - Level 4.5 Stealth


You had 2 spell levels left.
You didn't know any spells.
Your spell library was empty.

Dungeon Overview and Level Annotations

Branches:
Dungeon (5/15)              Sewer (1/1)
 Temple: D:4-7

Altars:


Innate Abilities, Weirdness & Mutations

A weak demonic guardian rushes to your aid.
Spells you cast may paralyse adjacent enemies.


Message History

Things that are here:
a +0 dagger; a +0 whip; a kobold corpse You start resting.
A kobold brigand is nearby!
There is an empty arch of ancient stone here.
There is a gate leading back out of this place here.
Things that are here:
a rat skeleton; a rat skeleton You start resting.
A kobold brigand is nearby!
As you read the scroll of fog, it crumbles to dust.
The scroll dissolves into smoke.
The kobold brigand throws a poisoned dart.
The poisoned dart hits you!
You are poisoned.
You feel sick.
The kobold brigand throws a poisoned dart.
The poisoned dart misses you.
* * * LOW HITPOINT WARNING * * *
You feel sick.
You hit the kobold brigand.
The kobold brigand is lightly wounded.
* * * LOW HITPOINT WARNING * * *
You feel sick. The kobold brigand barely misses you.
You hit the kobold brigand.
The kobold brigand is lightly wounded.
You feel sick.
The kobold brigand hits you with a +0 short sword.
* * * LOW HITPOINT WARNING * * *
A demonic guardian appears!
The kobold brigand completely misses you.
You hit the kobold brigand.
The kobold brigand is lightly wounded.
* * * LOW HITPOINT WARNING * * *
You feel sick.
The kobold brigand hits you but does no damage.
Your shadow imp hits the kobold brigand.
You hit the kobold brigand.
The kobold brigand is heavily wounded.
You die... ################## #@K5§∩.∩K.....)≈≈≈ ##################

You could see a kobold brigand (ally target) and a friendly shadow imp (summoned).

Vanquished Creatures
  A hound zombie (D:5)
  A river rat (Sewer)
  3 orcs (D:5)
  2 giant cockroaches (D:5)
  A jackal (Sewer)
  3 kobolds (Sewer)
  4 rats (Sewer)
15 creatures vanquished.

Vanquished Creatures (collateral kills)
  2 rats (D:5)
2 creatures vanquished.

Grand Total: 17 creatures vanquished

Notes
Turn   | Place    | Note
-------+----------+-------------------------------------------
     0 | D:5      | flotson the Demonspawn Delver began the quest for the Orb.
     0 | D:5      | Reached XP level 1. HP: 18/18 MP: 1/1
    59 | D:5      | Gained mutation: A weak demonic guardian rushes to your
                  | aid. [demonic ancestry]
    59 | D:5      | Reached XP level 2. HP: 18/24 MP: 2/2
    83 | D:5      | Reached skill level 1 in Armour
    85 | D:5      | Found a glowing drain.
   313 | Sewer    | Entered a sewer
   328 | Sewer    | Gained mutation: Spells you cast may paralyse adjacent
                  | enemies. [demonic ancestry]
   328 | Sewer    | Reached XP level 3. HP: 21/29 MP: 3/3
   502 | Sewer    | Noticed a kobold brigand
   650 | Sewer    | HP: 1/29 [poisoned by a kobold brigand]
   651 | Sewer    | Succumbed to a kobold brigand's poison

Illustrated notes

Levels and vault maps discovered:
D:5:      layout_rooms, portal_sewer_entry_c
Sewer:    sewer_kobolds

Skill      XL: |  1  2 |
---------------+-------+-----
Axes           | 2 |  2.2
Dodging        | 2 |  2.3
Armour         | 1 |  1.2
Fighting       | |  3.3
Stealth        | |  4.5

Action                   || total
-------------------------++-------
Melee: Hand axe          ||    74
  Use: Potion            ||     1
       Scroll            ||     2
 Stab: Sleeping          ||     1
Armor: Leather armour    ||    15
Dodge: Dodged            ||    32

Table legend: (Time is in decaauts)
 A = Elapsed time spent in this place.
 B = Non-inter-level travel time spent in this place.
 C = Inter-level travel time spent in this place.
 D = Time resting spent in this place.
 E = Time spent auto-exploring this place.
 F = Levels seen in this place.
 G = Mean time per level.
                   A        B        C        D        E       F      G
               +--------+--------+--------+--------+--------+-----+--------+
         Total |    708 |    708 |      0 |    275 |    115 |   2 |  354.0 |
       Dungeon |    305 |    305 |      0 |    143 |     13 |   1 |  305.0 |
         Sewer |    402 |    402 |      0 |    132 |    102 |   1 |  402.0 |
               +--------+--------+--------+--------+--------+-----+--------+

Top non-repeatable levels by time:
   Sewer: 402 daAuts
     D:5: 305 daAuts
